 Dungeon Crawl Stone Soup version 0.21-a0-529-g8c7b3f5 (webtiles) character file.

158 Gerstahl the Skirmisher (level 5, -8/63 HPs)
             Began as a Demonspawn Monk on Dec 9, 2017.
             Killed from afar by Terence (12 damage)
             ... with a wand of flame (14)
             ... on level 3 of the Dungeon.
             The game lasted 00:02:41 (2045 turns).

Gerstahl the Skirmisher (Demonspawn Monk)           Turns: 2045, Time: 00:02:42

Health: -8/63      AC: 22    Str: 11    XL:     5   Next: 16%
Magic:  5/5        EV:  2    Int: 12    God:
Gold:   104        SH:  0    Dex: 16    Spells: 4/4 levels left

rFire    . . .     SeeInvis .   a - +0 falchion
rCold    . . .     Gourm    .   (no shield)
rNeg     + + +     Faith    .   (armour currently unavailable)
rPois    +         Spirit   .   (helmet currently unavailable)
rElec    .         Reflect  .   (cloak currently unavailable)
rCorr    .         Harm     .   (gloves currently unavailable)
MR       .....     NoTele   +   (boots currently unavailable)
Stlth    ++........             (no amulet)
HPRegen  0.20/turn              (no ring)
MPRegen  0.09/turn              (no ring)

@: tree-form
A: demonic guardian 1
a: no special abilities


You were on level 3 of the Dungeon.
You were not hungry.
You were a tree.
You visited 1 branch of the dungeon, and saw 3 of its levels.

You collected 104 gold pieces.

Inventory:

Hand Weapons
 a - a +0 falchion (weapon)
Armour
 b - a +0 robe
 n - a +0 pair of boots (melded)
Jewellery
 e - a +6 ring of intelligence
Scrolls
 d - a scroll of identify {unknown}
 h - a scroll of fog {unknown}
 k - a scroll of remove curse {unknown}
Potions
 g - 2 potions of flight {unknown}
 j - a potion of mutation {unknown}
 l - a potion of curing {unknown}
 m - a potion of degeneration {unknown}
Comestibles
 c - a bread ration
 i - a royal jelly


   Skills:
 + Level 4.2 Fighting
 + Level 3.8 Long Blades
 + Level 3.6 Dodging
 - Level 1.7 Stealth


You had 4 spell levels left.
You didn't know any spells.

Dungeon Overview and Level Annotations

Branches:
Dungeon (3/15)

Altars:
Kikubaaqudgha
Qazlal

Annotations:
D:3 Terence


Innate Abilities, Weirdness & Mutations

((You have large cloven feet.))
((You are partially covered in icy blue scales. (AC +2)))
A weak demonic guardian rushes to your aid.


Message History

Terence is heavily wounded.
Terence zaps a wand.
The puff of flame hits you!
You completely miss Terence.
Terence is heavily wounded.
Terence closely misses you.
You hit Terence but do no damage.
Terence is heavily wounded.
Terence hits you with a flail.
* * * LOW HITPOINT WARNING * * *
You hit Terence but do no damage.
Terence is heavily wounded.
Terence zaps a wand.
The puff of flame hits you!
* * * LOW HITPOINT WARNING * * *
It was a potion of lignification.
You turn into a tree.
Your +0 pair of boots melds into your body.
Your roots penetrate the ground.
Terence hits you but does no damage.
You hit Terence.
Terence is severely wounded.
Terence zaps a wand.
The puff of flame hits you!
You die...

#.#..#......#
#.##.#.######
#......#
####.### #.#
##.## # #...#
...
#...###..#
#...♣@...#
#######.....
###


You could see Terence.

Vanquished Creatures
  A gnoll (D:1)
  2 adders (D:2)
  An ooze (D:1)
  A dart slug (D:2)
  2 leopard geckos (D:2)
  An orc (D:3)
  5 bats
  5 giant cockroaches
  7 goblins
  4 hobgoblins
  A jackal (D:3)
  9 kobolds
  A ball python (D:2)
  2 frilled lizards
  8 rats
50 creatures vanquished.

Vanquished Creatures (collateral kills)
  The ghost of Gerstahl the Skirmisher, an amateur DsMo (D:3)
1 creature vanquished.

Vanquished Creatures (others)
  A human (D:2)
1 creature vanquished.

Grand Total: 52 creatures vanquished

Notes
Turn   | Place    | Note
-------+----------+-------------------------------------------
     0 | D:1      | Gerstahl the Demonspawn Monk began the quest for the Orb.
     0 | D:1      | Reached XP level 1. HP: 18/18 MP: 1/1
   209 | D:1      | Gained mutation: You are partially covered in icy blue scales. (AC +2) [demonic ancestry]
   209 | D:1      | Reached XP level 2. HP: 4/24 MP: 2/2
   817 | D:1      | Gained mutation: A weak demonic guardian rushes to your aid. [demonic ancestry]
   817 | D:1      | Reached XP level 3. HP: 26/29 MP: 3/3
  1245 | D:2      | Found an ancient bone altar of Kikubaaqudgha.
  1246 | D:2      | Noticed a human
  1249 | D:2      | Killed a human
  1379 | D:2      | Reached XP level 4. HP: 29/37 MP: 4/4
  1413 | D:2      | Found a stormy altar of Qazlal.
  1748 | D:3      | Noticed Gerstahl's ghost (amateur DsMo)
  1783 | D:3      | Killed Gerstahl's ghost
  1783 | D:3      | Reached skill level 4 in Fighting
  1783 | D:3      | Gained mutation: You have large cloven feet. [demonic ancestry]
  1783 | D:3      | Reached XP level 5. HP: 13/42 MP: 5/5
  2026 | D:3      | Noticed Terence
  2045 | D:3      | Killed from afar by Terence

Vault maps used:
D:1:      wheals_arrival_linesprint, serial_forest,
          infiniplex_forest_clump_small, infiniplex_forest_end_2,
          infiniplex_forest_straight_4, infiniplex_forest_end_1,
          infiniplex_forest_end_1, infiniplex_forest_clump_large
D:2:      lemuel_coloured_pillars_altar, tgw_kikubaaqudgha
D:3:      serial_bayou_crossing, uniq_jessica, uniq_terence, uniq_ijyb

Skill      XL: |  1  2  3  4 |
---------------+-------------+-----
Long Blades    | 3 |  3.8
Dodging        | 3 |  3.6
Fighting       | 4 |  4.2
Stealth        | |  1.7

Action                   |  1- 3 |  4- 6 || total
-------------------------+-------+-------++-------
Melee: Falchion          |   100 |    63 ||   163
  Use: Potion            |       |     1 ||     1
 Stab: Sleeping          |     7 |     4 ||    11
  Eat: Chunk             |     1 |     1 ||     2
       Meat ration       |       |     1 ||     1
Armor: Robe              |    19 |    16 ||    35
       Skin              |       |     3 ||     3
Dodge: Dodged            |    64 |    38 ||   102
       Rpst.: Falchion   |    26 |     9 ||    35

Table legend:
 A = Spawn XP
 B = Non-spawn XP
 C = Spawn XP percentage of total XP
 D = Spawn monster count
 E = Non-spawn monster count
 F = Spawn count percentage of total count
 G = Total turns spent on level
                    A         B        C        D         E        F      G
               +---------+---------+-------+---------+---------+-------+---------
         Total |       0 |     226 |   0.0 |       0 |      51 |   0.0 |  2045
               +---------+---------+-------+---------+---------+-------+---------
           D:1 |       0 |      49 |   0.0 |       0 |      20 |   0.0 |  1077
           D:2 |       0 |      59 |   0.0 |       0 |      21 |   0.0 |   617
           D:3 |       0 |     118 |   0.0 |       0 |      10 |   0.0 |   351
               +---------+---------+-------+---------+---------+-------+---------
